 Dungeon Crawl Stone Soup version 0.30.0-13-g156ef70053 (webtiles) character file.

Game seed: 942952319626225783

293 ProzacElf the Slasher (level 6, -3/44 HPs)
             Began as a Demonspawn Gladiator on May 18, 2023.
             Killed by divine providence
             ... invoked by an orc priest
              (10 damage)
             ... on level 4 of the Dungeon.
             The game lasted 00:06:03 (2840 turns).

ProzacElf the Slasher (Demonspawn Gladiator)        Turns: 2840, Time: 00:06:03

Health: -3/44      AC: 10    Str: 16      XL:     6   Next: 11%
Magic:  6/6        EV: 10    Int:  9      God:
Gold:   93         SH:  8    Dex: 14 (15) Spells: 5/5 levels left

rFire   . . .        b - +2 hand axe (elec)
rCold   + . .        (no shield)
rNeg    . . .        p - +2 scale mail {rC+}
rPois   .            c - +0 helmet
rElec   .            (no cloak)
rCorr   .            f - +0 pair of gloves
SInv    .            (no boots)
Will    .....        q - amulet of faith
Stlth   +            (no ring)
HPRegen 0.27/turn    (no ring)
MPRegen 0.10/turn

%: faith
@: no status effects
A: claws 1, large bone plates 3, demonic guardian 1
a: no special abilities


You were on level 4 of the Dungeon.
You visited 1 branch of the dungeon, and saw 4 of its levels.

You collected 93 gold pieces.

Inventory:

Hand Weapons
 a - a +0 long sword
 b - a +2 hand axe of electrocution (weapon)
 u - a +2 halberd of protection
Missiles
 l - a javelin (quivered)
 r - 2 throwing nets
Armour
 c - a +0 helmet (worn)
 d - a +0 leather armour
 f - a +0 pair of gloves (worn)
 j - a +0 ring mail
 n - a +0 chain mail
 p - a +2 scale mail of cold resistance (worn)
 s - a +1 leather armour of cold resistance
Jewellery
 q - an amulet of faith (around neck)
Wands
 m - a wand of mindburst (21)
Scrolls
 h - 6 scrolls of identify {unknown}
 i - a scroll of poison {unknown}
 k - 3 scrolls of teleportation {unknown}
 o - 4 scrolls of magic mapping {unknown}
 t - a scroll of amnesia {unknown}
Potions
 e - a potion of heal wounds {unknown}
 g - 2 potions of curing {unknown}


   Skills:
 - Level 2.0 Fighting
 + Level 4.8 Long Blades
 - Level 1.7 Throwing
 - Level 2.6 Dodging
 + Level 4.1 Stealth


You had 5 spell levels left.
You didn't know any spells.
Your spell library contained the following spells:

 Spells                   Type           Power      Damage    Failure   Level
 Beastly Appendage        Tmut           0%         N/A       83%         1
 Wereblood                Tmut           0%         N/A       93%         2
 Spider Form              Tmut/Pois      0%         N/A       99%         3


Dungeon Overview and Level Annotations

Branches:
Dungeon (4/15)
 Temple: D:4-7

Altars:


Innate Abilities, Weirdness & Mutations

You have sharp fingernails.
You are completely covered in large bone plates. (SH +8)
A weak demonic guardian rushes to your aid.


Message History

Ye hit tha orc but do nay damage.
Tha orc be moderately wounded.
An orc priest comes inta view.
It be wieldin' a +0 club.
Tha orc hits ye wit' a +0 dagger.
Ye take 1 damage, an' haf 39/44 hp.
Ye barely miss tha orc.
Tha orc be moderately wounded.
An iguana comes inta view.
Tha orc hits ye but does nay damage. x2; Space warps around ye.
Tha orc hits ye but does nay damage.
Ye take 4 damage, an' haf 35/44 hp.
Tha iguana hisses angrily.
Tha orc priest shouts!
Ye hit tha orc but do nay damage.
Tha orc be moderately wounded.
Ye hit tha adder but do nay damage.
Lightnin' courses through tha adder!
Ye kill tha adder!
Ye closely miss tha orc.
Tha orc hits ye wit' a +2 whip o' distortion.
Space warps horribly around ye!
Tha orc hits ye but does nay damage.
Ye take 15 damage, an' haf 20/44 hp.
MASSIVE DAMAGE!!
Tha orc attacks as ye move away!
Tha orc hits ye wit' a +0 dagger.
Ye take 2 damage, an' haf 18/44 hp.
Tha orc attacks as ye move away!
Tha orc barely misses ye.
Tha orc priest calls down tha wrath o' Beogh upon ye.
Beogh smites ye!
* * * LOW HITPOINT WARNIN'
* * * A demonic guardian appears!
Ye take 14 damage, an' haf 5/44 hp.
MASSIVE DAMAGE!!
Tha orc priest begins ta cast a cantrip, but forgets tha words!
Yer white imp closely misses tha orc.
Yer white imp gestures at tha orc.
Tha puff o' frost hits tha orc!
Tha orc dies!
Yer white imp gestures at tha orc.
Tha puff o' frost hits tha orc.
Tha orc dies!
Tha orc priest invokes tha aid o' Beogh against ye.
Beogh smites ye!
Ye die...

......$#.l#
.......##o##
....... #..#
....... #).#
.....l.
##.##
....... #5o#
##.### #...#
#@..##
#....#
#....#
##....#
#.....##
#......#
#......#
#####..#
##.#


You could see an orc priest, an orc and a friendly white imp (summoned).

Vanquished Creatures
  Sigmund (D:3)
  4 gnolls
  3 adders
  4 orcs
  5 ball pythons
  2 endoplasms (D:2)
  2 giant cockroaches (D:2)
  5 goblins
  8 hobgoblins
  4 quokkas
  3 bats
  4 frilled lizards
  9 kobolds
  6 rats
60 creatures vanquished.

Vanquished Creatures (collateral kills)
  2 orcs (D:4)
2 creatures vanquished.

Grand Total: 62 creatures vanquished

Notes
Turn   | Place    | Note
-------+----------+-------------------------------------------
     0 | D:1      | ProzacElf the Demonspawn Gladiator began the quest for the
                  | Orb.
     0 | D:1      | Reached XP level 1. HP: 16/16 MP: 1/1
   247 | D:1      | Reached skill level 1 in Stealth
   248 | D:1      | Gained mutation: You are partially covered in large bone
                  | plates. (SH +4) [demonic ancestry]
   248 | D:1      | Reached XP level 2. HP: 13/22 MP: 2/2
   972 | D:2      | Gained mutation: You are mostly covered in large bone
                  | plates. (SH +6) [demonic ancestry]
   972 | D:2      | Reached XP level 3. HP: 27/27 MP: 3/3
  1370 | D:2      | Found a faded altar of an unknown god.
  1683 | D:3      | Noticed Sigmund
  1733 | D:3      | Killed Sigmund
  1734 | D:3      | Gained mutation: A weak demonic guardian rushes to your
                  | aid. [demonic ancestry]
  1734 | D:3      | Reached XP level 4. HP: 13/33 MP: 4/4
  1734 | D:3      | Gained mutation: You are completely covered in large bone
                  | plates. (SH +8) [demonic ancestry]
  1734 | D:3      | Reached XP level 5. HP: 16/38 MP: 5/5
  2351 | D:3      | Gained mutation: You have sharp fingernails. [demonic
                  | ancestry]
  2351 | D:3      | Reached XP level 6. HP: 44/44 MP: 6/6
  2840 | D:4      | Killed from afar by an orc priest

Illustrated notes

Levels and vault maps discovered:
D:1:      dpeg_arrival_water_temple_mockup, layout_loops_ring
D:2:      layout_loops_ring, nicolae_ecumenical_lake_church
D:3:      layout_basic, uniq_sigmund
D:4:      layout_cave_pods, amethyst_overflow_temple_binary,
          chequers_temple_overflow_statue_of_worship,
          nicolae_overflow_hidden_temple

Skill      XL: |  1  2  3  4  5 |
---------------+----------------+-----
Stealth        | 1 3 4 |  4.1
Long Blades    | 3 4 |  4.8
Fighting       | |  2.0
Throwing       | |  1.7
Dodging        | |  2.6

Action                     |  1- 3 |  4- 6 || total
---------------------------+-------+-------++-------
  Melee: Long sword        |   138 |    20 ||   158
         Hand axe          |       |    39 ||    39
  Throw: Throwing net      |     3 |       ||     3
         Javelin           |     1 |       ||     1
    Use: Potion            |     3 |       ||     3
   Stab: Sleeping          |     1 |     1 ||     2
 Armour: Leather armour    |    21 |       ||    21
         Ring mail         |     6 |       ||     6
         Scale mail        |    20 |    31 ||    51
         Skin              |     8 |       ||     8
  Dodge: Dodged            |    60 |    31 ||    91
  Block: Other             |    23 |    25 ||    48

Action                     |  1- 3 |  4- 6 || total
---------------------------+-------+-------++-------
  Melee: Long sword        |   138 |    20 ||   158
         Hand axe          |       |    39 ||    39
  Throw: Throwing net      |     3 |       ||     3
         Javelin           |     1 |       ||     1
    Use: Potion            |     3 |       ||     3
   Stab: Sleeping          |     1 |     1 ||     2
 Armour: Leather armour    |    21 |       ||    21
         Ring mail         |     6 |       ||     6
         Scale mail        |    20 |    31 ||    51
         Skin              |     8 |       ||     8
  Dodge: Dodged            |    60 |    31 ||    91
  Block: Other             |    23 |    25 ||    48

Levels and vault maps discovered:
D:1:      dpeg_arrival_water_temple_mockup, layout_loops_ring
D:2:      layout_loops_ring, nicolae_ecumenical_lake_church
D:3:      layout_basic, uniq_sigmund
D:4:      layout_cave_pods, amethyst_overflow_temple_binary,
          chequers_temple_overflow_statue_of_worship,
          nicolae_overflow_hidden_temple
